Unix NetHack Version 3.7.0-102 Work-in-progress - last build Apr 6 2024 13:22:21 (d302a6a9ff6341f1a922d8f5af178406b35fdf99,branch:master). Game began 2024-04-12 09:31:25, ended 2024-04-18 13:18:48. okmujnyhb, lawful female dwarven Valkyrie ----- ------- |...------ --|.....| |........| |.-.....| |.......)| |-|....%|-- -------.---- |.-.....%.| |.........-- |-|."...|:| |..........| |?-.....|.| |..........| --|...:d|t| -----[-------- ------|.| |............| |.| |............| |.| --------.----| |.| |.0.......0.| |.| |...........| |&| -------.------ |@| |.......----------------&| |>...=..........[.....f..| -------------------------- Okmujnyhb the Fighter St:18 Dx:17 Co:17 In:9 Wi:8 Ch:8 Lawful Dlvl:3 $:866 HP:0(68) Pw:12(12) AC:-1 Xp:9/4053 T:12545 Latest messages: The marilith hits again! The marilith hits! The marilith misses! The marilith hits! The marilith misses! # You begin praying to Tyr. You are surrounded by a shimmering light. The marilith starts to attack you, but pulls back. The marilith starts to attack you, but pulls back. The marilith starts to attack you, but pulls back. "Hold! Thy face is a most exquisite torture!" The marilith starts to attack you, but pulls back. "Doth pain excite thee? Wouldst thou prefer the whip?" You finish your prayer. You feel that Tyr is well-pleased. You feel much better. Pick an object. You miss the marilith. The marilith hits! The marilith misses! The marilith hits! The marilith hits again! The marilith hits again! The marilith misses! The marilith misses! The marilith misses! The marilith hits! The marilith hits again! The marilith hits again! The marilith misses! "This time I shall let thee off with a spanking, but let it not happen again." What do you want to zap? [kyP or ?*] In what direction? You don't know any spells right now. What do you want to zap? [kyP or ?*] Nothing happens. The marilith hits! The marilith hits again! The marilith misses! The marilith hits! The marilith hits again! The marilith hits again! "Up thy nose with a rubber hose!" The marilith hits! The marilith just misses! The marilith hits! The marilith misses! The marilith hits! You die... Inventory: Coins ('$') $ - 866 gold pieces Amulets ('"') V - an uncursed amulet of ESP (being worn) Weapons (')') b - 5 uncursed +0 daggers a - an uncursed +3 dwarvish spear (weapon in left hand) Armor ('[') U - an uncursed +0 pair of speed boots (being worn) c - an uncursed +3 small shield (being worn) E - an uncursed +0 dwarvish cloak (being worn) W - an uncursed +0 dwarvish mithril-coat (being worn) Comestibles ('%') d - 9 uncursed food rations H - an uncursed lembas wafer Scrolls ('?') I - an uncursed scroll of amnesia j - an uncursed scroll of blank paper Z - 2 uncursed scrolls of earth p - an uncursed scroll of enchant armor u - 2 uncursed scrolls of fire B - an uncursed scroll of genocide N - a blessed scroll of teleportation L - an uncursed scroll of teleportation Potions ('!') R - an uncursed potion of booze Wands ('/') k - an uncursed wand of digging (0:7) y - an uncursed wand of magic missile (0:0) P - an uncursed wand of polymorph named noncursed (0:0) Tools ('(') r - an uncursed bag of holding containing 38 items s - an uncursed skeleton key T - an uncursed towel Gems/Stones ('*') e - an uncursed luckstone Contents of the bag of holding: an uncursed +0 dwarvish mattock an uncursed +0 pair of elven boots an uncursed +0 pair of water walking boots an uncursed tin of gnomish wizard meat an uncursed tin of soldier ant meat an uncursed potion of acid an uncursed potion of confusion an uncursed potion of full healing 4 uncursed potions of object detection an uncursed potion of restore ability an uncursed potion of water an uncursed +1 ring of gain strength a cursed ring of teleportation named cursed an uncursed wand of undead turning named noncursed (0:6) an uncursed wand of undead turning named noncursed no engrave effect (0:6) an uncursed can of grease (0:11) an uncursed leash named uncursed an uncursed lock pick an uncursed mirror a blessed oil lamp a blessed tallow candle 2 uncursed partly used tallow candles an uncursed +0 unicorn horn 2 uncursed amethyst stones 2 uncursed diamonds 3 uncursed emeralds an uncursed jade stone an uncursed jasper stone 2 uncursed rubies an uncursed turquoise stone 2 uncursed worthless pieces of black glass 2 uncursed worthless pieces of green glass 2 cursed worthless pieces of green glass an uncursed worthless piece of orange glass 2 uncursed worthless pieces of red glass 2 uncursed worthless pieces of violet glass an uncursed worthless piece of white glass 3 uncursed worthless pieces of yellow glass Okmujnyhb the Valkyrie's attributes: Background: You were a Fighter, a level 9 dwarven Valkyrie. You were lawful, on a mission for Tyr who was opposed by Odin (neutral) and Loki (chaotic). You were left-handed. You were in Sokoban, on level 3. You entered the dungeon 12545 turns ago. You had 4053 experience points, 1067 more were needed to attain level 10. Basics: You had 0 out of 68 hit points. You had all 12 energy points (spell power). Your armor class was -1. Your wallet contained 866 zorkmids. Autopickup was on for '$+?!"=/*' plus thrown, with exceptions. Final Characteristics: Your strength was 18 (limit:18/100). Your dexterity was 17 (limit:20). Your constitution was 17 (limit:20). Your intelligence was 9 (limit:16). Your wisdom was 8 (limit:16). Your charisma was 8 (limit:16). Final Status: You weren't hungry. You were unencumbered. You were wielding a spear. You had basic skill with spear and could have enhanced that. Final Attributes: You were piously aligned. Your items were somewhat protected from fire. You were cold resistant. Your items were somewhat protected from cold. You were telepathic. You had infravision. You were stealthy. You were guarded. You were very fast. You were lucky. You had extra luck. Bad luck did not time out for you. Good luck did not time out for you. You are dead. Miscellaneous: You disabled loading of bones levels. Total elapsed playing time was 5 hours, 33 minutes and 35 seconds. Major events: Turn 1: okmujnyhb the lawful dwarven Valkyrie entered the dungeon 817: entered the Gnomish Mines 1288: attained the rank of Skirmisher (level 3) 2003: reached Mine Town 4391: attained the rank of Fighter (level 6) 9916: entered Sokoban 10254: completed 1st Sokoban level 10879: completed 2nd Sokoban level 11500: completed 3rd Sokoban level 12481: completed 4th Sokoban level 12545: killed by a marilith Vanquished creatures: 2 giant mimics a large mimic a stalker a giant zombie a barbed devil a warg 4 small mimics an ettin mummy a shocking sphere a gargoyle an ettin zombie 2 leather golems a Grey-elf 2 soldiers 3 watchmen a giant beetle a quivering blob a cockatrice 7 wolves 4 winter wolf cubs a panther 4 leprechauns 4 iron piercers a scorpion 2 horses a black light 2 vampire bats a forest centaur 2 gnome rulers a gold golem a Green-elf 3 lizards 2 dogs a jaguar a dwarf leader a blue jelly a gray unicorn a dust vortex a rope golem a soldier ant 4 bugbears a quasit a water nymph a mountain nymph 10 Mordor orcs 2 orc shamans 2 rock piercers 3 rock moles a pony 2 fog clouds 4 yellow lights 9 gnome leaders 3 gnomish wizards a black naga hatchling 3 elf zombies 2 ghouls 3 straw golems 2 paper golems a baby crocodile a little dog 3 floating eyes 4 dwarves 3 homunculi 2 kobold shamans 5 hill orcs 5 rothes a centipede 5 giant bats a wererat 2 werejackals 5 iguanas 13 killer bees an acid blob 5 coyotes 5 hobbits 3 manes a large kobold 3 hobgoblins 2 brown molds 2 yellow molds a green mold 47 gnomes 5 garter snakes 8 geckos 8 jackals 2 foxes 2 kobolds 4 goblins 5 sewer rats 8 grid bugs 5 lichens a kobold zombie 13 newts 305 creatures vanquished. No species were genocided or became extinct. Voluntary challenges: You read items or engraved 12 times. You engraved Elbereth 2 times. You never genocided any monsters. You never polymorphed an object. You used no wishes. You violated the special Sokoban rules twice. Achievements: You entered a shop. You entered the Gnomish Mines. You attained the rank of Skirmisher. You entered Minetown. You entered a temple. You attained the rank of Fighter. You entered Sokoban. The Dungeons of Doom: levels 1 to 8 Level 1: Level 2: A fountain. Stairs down to The Gnomish Mines. Level 3: A fountain. Level 4: Some fountains, a grave. Level 5: A shop. Level 6: Many fountains. Oracle of Delphi. Level 7: Stairs up to Sokoban, level 6. Level 8: The Gnomish Mines: levels 3 to 10 Level 3: Level 4: Level 5: A temple and an altar to Tyr, some fountains. Level 6: Level 7: Level 8: Level 9: Level 10: Sokoban: levels 6 up to 3 Level 3: <- You were here. Solved. Final resting place for you, killed by a marilith. Level 4: Solved. Level 5: Solved. Level 6: Solved. Game over: ---------- / \ / REST \ / IN \ / PEACE \ / \ | okmujnyhb | | 866 Au | | killed by a | | marilith | | | | | | 2024 | *| * * * | * _________)/\\_//(\/(/\)/\//\/|_)_______ Farvel okmujnyhb the Valkyrie... You died in Sokoban on dungeon level 3 with 17472 points, and 866 pieces of gold, after 12545 moves. You were level 9 with a maximum of 68 hit points when you died.